 Dungeon Crawl Stone Soup version 0.28.0-53-g5a82cb258f (webtiles) character file.

Game seed: 16118463419395217123

65 safid the Digger (level 4, -2/26 HPs)
             Began as a Gargoyle Earth Elementalist on Sept 7, 2022.
             Slain by a goblin
             ... wielding a +0 dagger
             ... led by Robin
              (5 damage)
             ... on level 2 of the Dungeon.
             The game lasted 00:02:38 (2493 turns).

safid the Digger (Gargoyle Earth Elementalist)      Turns: 2493, Time: 00:02:39

Health: -2/26      AC:  5    Str: 12    XL:     4   Next: 14%
Magic:  4/8        EV: 12    Int: 17    God:
Gold:   71         SH:  0    Dex: 10    Spells: 7/8 levels left

rFire   . . .      SeeInvis +   l - +2 spear (vamp)
rCold   . . .      Faith    .   (no shield)
rNeg    + . .      Spirit   .   b - +0 robe
rPois   ∞          Reflect  .   (no helmet)
rElec   +          Harm     .   (no cloak)
rCorr   .          Rampage  .   (no gloves)
Will    .....                   (no boots)
Stlth   ++........              (no amulet)
HPRegen 0.08/turn               i - ring of see invisible
MPRegen 0.11/turn               (no ring)

@: no status effects
A: sickness immunity, AC +3, negative energy resistance 1, electricity
resistance, torment resistance 1, petrification resistance
a: no special abilities


You were on level 2 of the Dungeon.
You visited 1 branch of the dungeon, and saw 2 of its levels.

You collected 71 gold pieces.

Inventory:

Hand Weapons
 l - a +2 vampiric spear (weapon)
Missiles
 c - 48 stones
Armour
 b - a +0 robe (worn)
Jewellery
 i - a ring of see invisible (left hand)
Scrolls
 a - a scroll of teleportation {unknown}
 d - a scroll of blinking {unknown}
 g - a scroll of noise {unknown}
 h - a scroll of magic mapping {unknown}
 k - a scroll of enchant weapon {unknown}
Potions
 f - a potion of attraction {unknown}
 j - a potion of curing {unknown}


   Skills:
 + Level 1.9 Fighting
 - Level 2.0 Dodging
 - Level 2.1 Stealth
 + Level 2.6 Spellcasting
 - Level 0.7 Transmutations
 + Level 4.4 Earth Magic


You had 7 spell levels left.
You knew the following spells:

 Your Spells              Type           Power      Damage    Failure   Level
a - Sandblast             Erth           34%        2d9       3%          1

Your spell library contained the following spells:

 Spells                   Type           Power      Damage    Failure   Level
 Passwall                 Tmut/Erth      9%         N/A       10%         2
 Stone Arrow              Conj/Erth      18%        3d8       22%         3
 Petrify                  Tmut/Erth      11%        N/A       54%         4
 Borgnjor's Vile Clutch   Necr/Erth      4%         N/A       90%         5
 Alistair's Intoxication  Tmut/Pois      2%         N/A       99%         5
 Eringya's Noxious Bog    Tmut/Pois      1%         N/A       100%        6


Dungeon Overview and Level Annotations

Branches:
Dungeon (2/15)

Altars:

Annotations:
D:2 Robin


Innate Abilities, Weirdness & Mutations

You are immune to sickness and miasma.
Your stone body is resilient. (AC +3)
You are immune to poison.
You resist negative energy. (rN+)
You are resistant to electric shocks. (rElec)
You are resistant to unholy torment.
You are immune to petrification.


Message History

You are too injured to fight recklessly!
You are too injured to fight recklessly!
You are too injured to fight recklessly!
You are too injured to fight recklessly!
You are too injured to fight recklessly!
You are too injured to fight recklessly!
You are too injured to fight recklessly!
Unknown command.
Casting: Sandblast (safe; 3% risk of failure)
Confirm with . or Enter, or press ? or * to list all spells.
Aiming: Sandblast (safe; 3% risk of failure)
Press: ? - help, Shift-Dir - straight line, f - hobgoblin
Aim: a hobgoblin (moderately wounded, strong, 79% to hit)
The blast of sand misses the hobgoblin.
The goblin hits you with a +0 club. The hobgoblin hits you.
* * * LOW HITPOINT WARNING * * *
Unknown command.
Casting: Sandblast (safe; 3% risk of failure)
Confirm with . or Enter, or press ? or * to list all spells.
Aiming: Sandblast (safe; 3% risk of failure)
Press: ? - help, Shift-Dir - straight line, f/p - hobgoblin
Aim: a hobgoblin (moderately wounded, strong, 79% to hit)
The blast of sand misses the hobgoblin.
The goblin hits you with a +0 club.
* * * LOW HITPOINT WARNING * * *
The hobgoblin hits you.
* * * LOW HITPOINT WARNING * * *
Casting: Sandblast (safe; 3% risk of failure)
Confirm with . or Enter, or press ? or * to list all spells.
Aiming: Sandblast (safe; 3% risk of failure)
Press: ? - help, Shift-Dir - straight line, f/p - hobgoblin
Aim: a hobgoblin (moderately wounded, strong, 79% to hit)
The blast of sand hits the hobgoblin!
You kill the hobgoblin!
The goblin hits you but does no damage.
Unknown command.
You closely miss the goblin. Robin throws the goblin at you!
The goblin closely misses you.
You closely miss the goblin. The goblin barely misses you.
The goblin misses you. The goblin hits you with a +0 dagger.
You die...

#.#...# #..... #.#...#
#.#### #.....# #.# #
......# #.# # ###...#
#.# # ....# #.# # . #..#
####.#### ....#####..#
#...#....
....gwg@g..#####..###)##
....#####.#..)...## ##.#
# ........####..###>#.
#####.######.#.#....
#.####...##.###.
#.........### ##
########.###.#####
.........# #......
########.###.#####


You could see a worm, Robin and 2 goblins.

Vanquished Creatures
  An adder (D:2)
  2 dart slugs (D:2)
  2 ball pythons (D:1)
  6 endoplasms
  3 giant cockroaches (D:1)
  8 goblins (D:2)
  4 hobgoblins
  7 jackals
  5 bats
  A frilled lizard (D:1)
  4 kobolds
  3 rats
46 creatures vanquished.

Notes
Turn   | Place    | Note
-------+----------+-------------------------------------------
     0 | D:1      | safid the Gargoyle Earth Elementalist began the quest for
                  | the Orb.
     0 | D:1      | Reached XP level 1. HP: 10/10 MP: 3/3
   480 | D:1      | Reached XP level 2. HP: 13/16 MP: 5/5
   894 | D:1      | Reached skill level 1 in Fighting
  1064 | D:1      | Reached skill level 4 in Earth Magic
  1478 | D:2      | Reached XP level 3. HP: 12/20 MP: 6/6
  2462 | D:2      | Reached XP level 4. HP: 26/26 MP: 7/7
  2478 | D:2      | Noticed Robin
  2493 | D:2      | Slain by a goblin

Illustrated notes

Levels and vault maps discovered:
D:1:      dpeg_arrival_windows_large_door, layout_basic, minmay_misc_feat_roman,
          chequers_serial_rivers_micro_d, grunt_decor_mini_mirrors,
          dk_noncrumbling_4, chequers_big_river
D:2:      layout_loops_ring, serial_shops, shop, st_stairs_4,
          minmay_tetromino_i2, uniq_robin

Skill      XL: |  1  2  3 |
---------------+----------+-----
Fighting       | 1 |  1.9
Earth Magic    | 4 |  4.4
Dodging        | 2 |  2.0
Stealth        | |  2.1
Spellcasting   | |  2.6
Transmutations | |  0.7

Action                   |  1- 3 |  4- 6 || total
-------------------------+-------+-------++-------
Melee: Unarmed           |    43 |       ||    43
       Dagger            |   143 |       ||   143
       Punch             |     2 |       ||     2
       Spear             |    24 |    20 ||    44
 Cast: Sandblast         |    11 |     3 ||    14
 Stab: Sleeping          |     5 |       ||     5
Armor: Robe              |    88 |     4 ||    92
Dodge: Dodged            |   147 |    13 ||   160
